 Dungeon Sprint DCSS version 0.24-a0-275-g6f7e2cb (webtiles) character file.

Game seed: 4503384884222479535

72 Lanoc the Shield-Bearer (level 4, -3/38 HPs)
             Began as a Formicid Fighter on Apr 27, 2019.
             Was an Initiate of Okawaru.
             Slain by a two-headed ogre
             ... wielding a +0 giant club
              (24 damage)
             ... in the Dungeon (Sprint IX: "|||||||||||||||||||||||||||||").
             The game lasted 00:01:34 (317 turns).

Lanoc the Shield-Bearer (Formicid Fighter)           Turns: 317, Time: 00:01:35

Health: -3/38      AC: 10    Str: 26    XL:     4   Next: 50%
Magic:  4/4        EV:  8    Int: 15    God:    Okawaru [......]
Gold:   0          SH: 10    Dex: 11    Spells: 3/3 levels left

rFire    . . .     SeeInvis +   p - +2 scimitar of the Hero {vamp, Int+7}
rCold    . . .     Gourm    .   c - +0 shield
rNeg     . . .     Faith    .   q - +1 chain mail
rPois    .         Spirit   .   (helmet unavailable)
rElec    .         Reflect  .   (no cloak)
rCorr    .         Harm     .   (no gloves)
MR       .....                  (no boots)
Stlth    ..........             (no amulet)
HPRegen  0.12/turn              r - +3 ring of strength
MPRegen  0.09/turn              s - +3 ring of strength

@: very slightly contaminated, invisible
A: permanent stasis, dig shafts and tunnels, four strong arms, antennae 3
a: Dig, Renounce Religion


You were in the Dungeon.
You worshipped Okawaru.
Okawaru was noncommittal.
You were not hungry.

You visited 1 branch

Inventory:

Hand Weapons
 o - a +4 quarterstaff of speed
 p - the +2 scimitar of the Hero (weapon) {vamp, Int+7}
   (You found it in the Dungeon)

   It inflicts no extra harm, but heals its wielder when it wounds a living foe.
   It affects your intelligence (+7).
Armour
 c - a +0 shield (worn)
 q - a +1 chain mail (worn)
Jewellery
 r - a +3 ring of strength (left hand)
 s - a +3 ring of strength (right hand)
Wands
 n - a wand of acid (10)
Scrolls
 k - 2 scrolls of blinking
 l - 3 scrolls of remove curse
 m - 2 scrolls of amnesia
Potions
 e - 4 potions of curing
 g - a potion of heal wounds
 h - a potion of haste
 i - 4 potions of magic
 j - a potion of berserk rage


   Skills:
 + Level 4.8 Fighting
 * Level 4.9 Long Blades
 + Level 4.7 Armour
 + Level 2.6 Dodging
 + Level 5.3 Shields


You had 3 spell levels left.
You didn't know any spells.
Your spell library was empty.

Dungeon Overview and Level Annotations

Branches:
Dungeon (1/1)

Altars:
Cheibriados
Dithmenos
Elyvilon
Fedhas
Gozag
Hepliaklqana
Kikubaaqudgha
Makhleb
Nemelex Xobeh
Okawaru
Qazlal
Ru
Sif Muna
Trog
Uskayaw
Vehumet
Wu Jian
Xom
Yredelemnul
Zin
The Shining One
Beogh
Jiyva
Lugonu


Innate Abilities, Weirdness & Mutations

You cannot be hasted, slowed, berserked, paralysed or teleported.
You can dig through walls and to a lower floor.
Your four strong arms can wield two-handed weapons with a shield.
You have a pair of large antennae on your head. (SInv)


Message History

The two-headed ogre hits you with a +0 giant spiked club!!
You slash the two-headed ogre!
The two-headed ogre is moderately wounded.
The two-headed ogre hits you with a +0 giant club!
* * * LOW HITPOINT WARNING * * *
You block the two-headed ogre's attack.
You feel much better.
The two-headed ogre hits you with a +0 giant club!!
Ouch! That really hurt!
* * * LOW HITPOINT WARNING * * *
You block the two-headed ogre's attack.
You feel much better. You block the two-headed ogre's attack.
The two-headed ogre barely misses you.
You fade into invisibility!
You are very lightly contaminated with residual magic.
You barely miss the two-headed ogre.
The two-headed ogre is moderately wounded.
The two-headed ogre hits you with a +0 giant club!!
Ouch! That really hurt!
You die...

{
▓.▓
{
▓.▓
{
▓|▓
{
▓)▓
{
▓[▓
{
▓[▓
{
▓.▓
{
▓.▓
▓@▓
▓O▓
▓o▓
▓h▓
▓S▓
▓Y▓
▓.▓
▓.▓


You could see a two-headed ogre, a black bear, a sky beast, an adder and an orc.

Vanquished Creatures
  A crimson imp (D)
  A worker ant (D)
  An adder skeleton (D)
  A leopard gecko (D)
  A bat zombie (D)
  A giant cockroach (D)
  A goblin (D)
  2 hobgoblins (D)
  A quokka (D)
  A frilled lizard (D)
11 creatures vanquished.

Notes
Turn   | Place    | Note
-------+----------+-------------------------------------------
     0 | D        | Lanoc the Formicid Fighter began the quest for the Orb.
     0 | D        | Reached XP level 1. HP: 18/18 MP: 1/1
    15 | D        | Reached skill level 1 in Dodging
    15 | D        | Reached skill level 4 in Shields
    18 | D        | Reached XP level 2. HP: 21/25 MP: 2/2
    25 | D        | Noticed a crimson imp
    47 | D        | Reached XP level 3. HP: 9/30 MP: 3/3
    65 | D        | Reached skill level 5 in Shields
    65 | D        | Reached XP level 4. HP: 12/38 MP: 4/4
    74 | D        | Found a roughly hewn altar of Beogh.
    74 | D        | Found a snail-covered altar of Cheibriados.
    74 | D        | Found a shadowy altar of Dithmenos.
    74 | D        | Found a white marble altar of Elyvilon.
    74 | D        | Found a blossoming altar of Fedhas.
    74 | D        | Found an opulent altar of Gozag.
   116 | D        | Found a hazy altar of Hepliaklqana.
   117 | D        | Found a viscous altar of Jiyva.
   118 | D        | Found an ancient bone altar of Kikubaaqudgha.
   119 | D        | Found a corrupted altar of Lugonu.
   120 | D        | Found a burning altar of Makhleb.
   121 | D        | Found a sparkling altar of Nemelex Xobeh.
   122 | D        | Found an iron altar of Okawaru.
   123 | D        | Found a stormy altar of Qazlal.
   124 | D        | Found a sacrificial altar of Ru.
   125 | D        | Found a deep blue altar of Sif Muna.
   126 | D        | Found a bloodstained altar of Trog.
   127 | D        | Found a hide-covered altar of Uskayaw.
   128 | D        | Found a radiant altar of Vehumet.
   129 | D        | Found an ornate altar of the Wu Jian Council.
   130 | D        | Became a worshipper of Warmaster Okawaru
   131 | D        | Found a shimmering altar of Xom.
   132 | D        | Found a basalt altar of Yredelemnul.
   133 | D        | Found a glowing silver altar of Zin.
   134 | D        | Found a glowing golden altar of the Shining One.
   285 | D        | Got the +2 scimitar of the Hero {vamp, Int+7}
   310 | D        | Noticed a two-headed ogre
   310 | D        | Noticed a black bear
   310 | D        | Noticed a sky beast
   317 | D        | Slain by a two-headed ogre

Levels and vault maps discovered:
D:        linesprint [early_d, line_temple, items_1, d_10, items_2, lair_1,
          lair_end, items_3, orc_1, orc_end, items_4, d_15, swamp_1, shoals_1,
          snake_1, spider_1, d_20, vaults_1, items_5, swamp_end, shoals_end,
          snake_end, spider_end, vaults_end, d_27, items_6, zot_1, zot_end,
          crypt_end, forest_end, elf_end, slime_end, tomb_end, abyss_end,
          pan_hell_end]

Skill      XL: |  1  2  3 |
---------------+----------+-----
Dodging        | 1 2 |  2.6
Shields        | 4 5 |  5.3
Long Blades    | 4 |  4.9
Fighting       | 4 |  4.8
Armour         | 4 |  4.7

Action                   |  1- 3 |  4- 6 || total
-------------------------+-------+-------++-------
Melee: Long sword        |    47 |       ||    47
       Scimitar          |       |     4 ||     4
  Use: Potion            |     2 |     3 ||     5
  Eat: Ration            |       |     1 ||     1
Armor: Scale mail        |    20 |       ||    20
Dodge: Dodged            |    11 |     2 ||    13
Block: Shield            |    19 |     3 ||    22
       Rpst.: Long sword |     5 |       ||     5

Table legend:
 A = Non-vault XP
 B = Vault XP
 C = Vault XP percentage of total XP
 D = Non-vault monster count
 E = Vault monster count
 F = Vault count percentage of total count
                 A         B        C        D         E       F
            +---------+---------+-------+---------+---------+-------
      Total |       0 |     104 | 100.0 |       0 |      11 | 100.0
            +---------+---------+-------+---------+---------+-------
          D |       0 |     104 | 100.0 |       0 |      11 | 100.0
            +---------+---------+-------+---------+---------+-------
